 Dungeon Crawl Stone Soup version 0.26-a0-651-gb41185065b (webtiles) character file.

Game seed: 6322654408563660563

1285 Zonian the Insei (level 8, -3/60 HPs)
             Began as a Gnoll Transmuter on Sept 29, 2020.
             Slain by a crocodile (18 damage)
             ... on level 7 of the Dungeon.
             The game lasted 00:11:49 (7238 turns).

Zonian the Insei (Gnoll Transmuter)                 Turns: 7238, Time: 00:11:50

Health: -3/60      AC:  3    Str: 14    XL:     8   Next: 55%
Magic:  17/17      EV: 14    Int: 16    God:
Gold:   200        SH:  5    Dex: 16    Spells: 16/19 levels left

rFire    . . .     SeeInvis .     - Unarmed
rCold    . . .     Faith    .   j - +1 buckler
rNeg     . . .     Spirit   .   m - +0 leather armour
rPois    .         Reflect  .   (no helmet)
rElec    .         Harm     .   (no cloak)
rCorr    .         Rampage  .   (no gloves)
MR       .....                  (no boots)
Stlth    ++........             (no amulet)
HPRegen  0.20/turn              (no ring)
MPRegen  0.15/turn              (no ring)

@: heavily drained
A: distributed training, fangs 1, strong nose
a: no special abilities


You were on level 7 of the Dungeon.
You visited 1 branch of the dungeon, and saw 7 of its levels.

You collected 424 gold pieces.
You spent 224 gold pieces at shops.

Inventory:

Hand Weapons
 c - a +0 whip
 q - a +1 war axe
 r - a +0 hunting sling
 x - a +2 war axe of electrocution
 y - a +0 flail of protection
Missiles
 b - 51 sling bullets
 p - 2 javelins (quivered)
 s - 229 stones
Armour
 a - a +0 robe
 j - a +1 buckler (worn)
 m - a +0 leather armour (worn)
 A - a +0 ring mail of magic resistance
Jewellery
 l - an uncursed amulet of guardian spirit
Wands
 u - a wand of enslavement (20)
Scrolls
 e - 2 scrolls of remove curse
 o - a scroll of identify
 t - a scroll of blinking {unknown}
 w - a scroll of vulnerability {unknown}
Potions
 d - 2 potions of heal wounds
 f - a potion of resistance
 g - 5 potions of curing
 h - a potion of lignification
 i - a potion of ambrosia {unknown}
 k - a potion of degeneration {unknown}
 n - 3 potions of flight
 v - a potion of might {unknown}
 z - a potion of magic {unknown}
 B - a potion of haste {unknown}
 C - a potion of brilliance {unknown}


   Skills:
 + Level 4.3(3.0) Fighting
 + Level 3.3(2.1) Short Blades
 + Level 3.3(2.1) Long Blades
 + Level 3.3(2.1) Axes
 + Level 3.3(2.1) Maces & Flails
 + Level 3.3(2.1) Polearms
 + Level 3.3(2.1) Staves
 + Level 3.3(2.1) Slings
 + Level 3.3(2.1) Bows
 + Level 3.3(2.1) Crossbows
 + Level 3.3(2.1) Throwing
 + Level 3.3(2.1) Armour
 + Level 5.7(4.4) Dodging
 + Level 3.3(2.1) Stealth
 + Level 3.3(2.1) Shields
 + Level 7.4(6.0) Unarmed Combat
 + Level 6.1(4.8) Spellcasting
 + Level 2.7(1.5) Conjurations
 + Level 2.7(1.5) Hexes
 + Level 2.7(1.5) Summonings
 + Level 2.7(1.5) Necromancy
 + Level 2.7(1.5) Translocations
 + Level 4.7(3.5) Transmutations
 + Level 2.7(1.5) Fire Magic
 + Level 2.7(1.5) Ice Magic
 + Level 2.7(1.5) Air Magic
 + Level 2.7(1.5) Earth Magic
 + Level 2.7(1.5) Poison Magic
 + Level 3.7(2.5) Invocations
 + Level 3.3(2.1) Evocations


You had 16 spell levels left.
You knew the following spells:

 Your Spells              Type           Power        Failure   Level
a - Beastly Appendage     Tmut           ###...       6%          1
b - Wereblood             Tmut           ###.....     9%          2

Your spell library contained the following spells:

 Spells                   Type           Power        Failure   Level
 Sting                    Tmut/Pois      ##..         9%          1
 Freeze                   Ice            #...         13%         1
 Ensorcelled Hibernation  Hex/Ice        #.....       19%         2
 Spider Form              Tmut/Pois      ##........   26%         3
 Ignite Poison            Fire/Tmut/Pois ##......     28%         3
 Frozen Ramparts          Ice            #.....       36%         3
 Ice Form                 Ice/Tmut       ##......     65%         4
 Petrify                  Tmut/Erth      ##......     65%         4
 Blade Hands              Tmut           ###.......   85%         5


Dungeon Overview and Level Annotations

Branches:
Dungeon (7/15)
 Temple: D:4-7

Altars:
Elyvilon

Shops:
D:4 !

Annotations:
D:2 1 runed translucent door, Crazy Yiuf
D:6 2 transporters, avis's ghost, novice OgTm


Innate Abilities, Weirdness & Mutations

Your experience applies equally to all skills.
You have very sharp teeth.
Your uncanny sense of smell can sniff out nearby items.


Message History

The crocodile bites you.
* * * LOW HITPOINT WARNING * * *
You hit the crocodile. Your bite misses the crocodile.
The crocodile is almost dead.
The crocodile bites you.
* * * LOW HITPOINT WARNING * * *
You closely miss the crocodile.
The crocodile is almost dead.
You block the crocodile's attack.
You closely miss the crocodile.
The crocodile is almost dead.
You block the crocodile's attack.
You closely miss the crocodile.
You bite the crocodile, but do no damage.
The crocodile is almost dead.
The crocodile misses you.
You barely miss the crocodile.
The crocodile is almost dead.
The crocodile bites you!!
You die...

....##. .. #....#.. ...
### #.. #...... ###.#
...##.. #.....###....##
.......##......#......#
.....#.............#
..................#
#.....#.....@t.#
...##.....#........#
.......<..#....#.#..#
#.............##.##.#
.................. .#
..............##... #
..#...#........###.. .
#.....#.......# #..
#..............#


You could see a crocodile.

Vanquished Creatures
  Sigmund (D:2)
  Menkaure (D:6)
  Edmund (D:6)
  2 ogres (D:4)
  Blork the orc (D:6)
  4 wights
  3 howler monkeys
  A bullfrog zombie (D:5)
  A quasit (D:5)
  A hound (D:6)
  An orc priest (D:4)
  An orc wizard (D:4)
  A worker ant (D:5)
  A hound zombie (D:4)
  A gnoll (D:1)
  5 adders
  2 white imps
  An ufetubus (D:5)
  2 oozes
  A worm (D:2)
  2 dart slugs
  8 leopard geckos
  4 orcs (D:4)
  A giant cockroach (D:2)
  7 goblins
  8 hobgoblins
  5 jackals
  3 quokkas
  5 bats
  7 frilled lizards
  8 kobolds
  2 leopard gecko skeletons
  10 rats
102 creatures vanquished.

Notes
Turn   | Place    | Note
-------+----------+-------------------------------------------
     0 | D:1      | Zonian the Gnoll Transmuter began the quest for the Orb.
     0 | D:1      | Reached XP level 1. HP: 17/17 MP: 6/6
   164 | D:1      | Reached XP level 2. HP: 23/23 MP: 7/7
   677 | D:1      | Reached skill level 5 in Spellcasting
   677 | D:1      | Reached XP level 3. HP: 9/28 MP: 6/9
  1503 | D:2      | Reached skill level 1 in Invocations
  1857 | D:2      | Reached skill level 1 in Short Blades
  1857 | D:2      | Reached skill level 1 in Long Blades
  1857 | D:2      | Reached skill level 1 in Axes
  1857 | D:2      | Reached skill level 1 in Maces & Flails
  1857 | D:2      | Reached skill level 1 in Polearms
  1857 | D:2      | Reached skill level 1 in Staves
  1857 | D:2      | Reached skill level 1 in Slings
  1857 | D:2      | Reached skill level 1 in Bows
  1857 | D:2      | Reached skill level 1 in Crossbows
  1857 | D:2      | Reached skill level 1 in Throwing
  1857 | D:2      | Reached skill level 1 in Armour
  1857 | D:2      | Reached skill level 1 in Stealth
  1857 | D:2      | Reached skill level 1 in Shields
  1857 | D:2      | Reached skill level 1 in Evocations
  1969 | D:2      | Reached XP level 4. HP: 31/34 MP: 9/11
  2005 | D:2      | Noticed Sigmund
  2017 | D:2      | Killed Sigmund
  2017 | D:2      | Reached skill level 1 in Conjurations
  2017 | D:2      | Reached skill level 1 in Hexes
  2017 | D:2      | Reached skill level 1 in Summonings
  2017 | D:2      | Reached skill level 1 in Necromancy
  2017 | D:2      | Reached skill level 1 in Translocations
  2017 | D:2      | Reached skill level 1 in Fire Magic
  2017 | D:2      | Reached skill level 1 in Ice Magic
  2017 | D:2      | Reached skill level 1 in Air Magic
  2017 | D:2      | Reached skill level 1 in Earth Magic
  2017 | D:2      | Reached skill level 1 in Poison Magic
  2017 | D:2      | Reached XP level 5. HP: 16/41 MP: 12/12
  2017 | D:2      | Reached XP level 6. HP: 18/47 MP: 13/13
  2478 | D:2      | Found a runed translucent door.
  2479 | D:2      | Noticed Crazy Yiuf
  2681 | D:3      | Learned a level 2 spell: Wereblood
  3406 | D:4      | Reached skill level 5 in Dodging
  3547 | D:4      | Found a white marble altar of Elyvilon.
  3559 | D:4      | Reached XP level 7. HP: 46/52 MP: 15/15
  4071 | D:4      | You fall into a shaft and drop 2 floors!
  4136 | D:6      | Reached skill level 7 in Unarmed Combat
  4138 | D:6      | Noticed Menkaure
  4143 | D:6      | Killed Menkaure
  4369 | D:6      | Noticed a queen bee
  4370 | D:6      | Noticed avis's ghost (novice OgTm)
  4375 | D:6      | Found a transporter.
  4401 | D:6      | Found a transporter.
  4470 | D:5      | Entered Level 5 of the Dungeon
  4568 | D:4      | Found Jizeor's Distillery.
  4599 | D:4      | Bought a potion of curing for 42 gold pieces
  4599 | D:4      | Bought 2 potions of heal wounds for 140 gold pieces
  4599 | D:4      | Bought a potion of curing for 42 gold pieces
  5084 | D:5      | Identified the Compendium of Freezing Transmutation
  5467 | D:5      | Reached XP level 8. HP: 52/60 MP: 16/16
  6073 | D:6      | Noticed Blork the orc
  6087 | D:6      | Killed Blork the orc
  6711 | D:6      | Noticed Edmund
  6744 | D:6      | Killed Edmund
  7238 | D:7      | Slain by a crocodile

Illustrated notes

Levels and vault maps discovered:
D:1:      saegor_arrival_simple_c, layout_loops_ring, chequers_mini_garden,
          chequers_serial_rivers_micro_c, wander_ebering_terrifying_dragon_lair
D:2:      layout_basic, uniq_crazy_yiuf_cottage, uniq_sigmund
D:3:      layout_loops_ring
D:4:      layout_gridville, lemuel_crystal_altar, serial_shops, shop,
          dk_noncrumbling_2
D:5:      layout_loops_ring
D:6:      layout_gridville, gammafunk_ghost_hive, uniq_menkaure,
          uniq_blork_the_orc, uniq_edmund
D:7:      layout_cave_pools, minmay_temple_entry_statues_pillars

Skill      XL: |  1  2  3  4  5  6  7  8 |
---------------+-------------------------+-----
Spellcasting   | 5 6 |  6.1
Invocations    | 1 2 3 |  3.7
Short Blades   | 1 2 3 |  3.3
Long Blades    | 1 2 3 |  3.3
Axes           | 1 2 3 |  3.3
Maces & Flails | 1 2 3 |  3.3
Polearms       | 1 2 3 |  3.3
Staves         | 1 2 3 |  3.3
Slings         | 1 2 3 |  3.3
Bows           | 1 2 3 |  3.3
Crossbows      | 1 2 3 |  3.3
Throwing       | 1 2 3 |  3.3
Armour         | 1 2 3 |  3.3
Stealth        | 1 2 3 |  3.3
Shields        | 1 2 3 |  3.3
Evocations     | 1 2 3 |  3.3
Fighting       | 3 4 |  4.3
Conjurations   | 1 2 |  2.7
Hexes          | 1 2 |  2.7
Summonings     | 1 2 |  2.7
Necromancy     | 1 2 |  2.7
Translocations | 1 2 |  2.7
Transmutations | 4 |  4.7
Fire Magic     | 1 2 |  2.7
Ice Magic      | 1 2 |  2.7
Air Magic      | 1 2 |  2.7
Earth Magic    | 1 2 |  2.7
Poison Magic   | 1 2 |  2.7
Dodging        | 5 |  5.7
Unarmed Combat | 7 |  7.4

Action                   |  1- 3 |  4- 6 |  7- 9 || total
-------------------------+-------+-------+-------++-------
Melee: Unarmed           |    62 |   107 |   176 ||   345
       Bite              |     7 |     6 |    21 ||    34
       Headbutt          |     3 |     7 |    11 ||    21
       Kick              |     5 |    10 |    26 ||    41
       War axe           |       |       |     8 ||     8
 Fire: Hunting sling     |       |       |    11 ||    11
Throw: Javelin           |       |     5 |       ||     5
 Cast: Beastly Appendage |    13 |    12 |     9 ||    34
Evoke: Wand              |       |       |     1 ||     1
  Use: Scroll            |       |    10 |     4 ||    14
       Potion            |       |       |     4 ||     4
 Stab: Sleeping          |     1 |     4 |     2 ||     7
Armor: Robe              |     4 |     5 |       ||     9
       Leather armour    |       |       |    11 ||    11
       Skin              |       |       |    44 ||    44
Dodge: Dodged            |    32 |    42 |    88 ||   162
Block: Buckler           |     7 |    22 |    46 ||    75

Table legend: (Time is in decaauts)
 A = Elapsed time spent in this place.
 B = Non-inter-level travel time spent in this place.
 C = Inter-level travel time spent in this place.
 D = Time resting spent in this place.
 E = Time spent auto-exploring this place.
 F = Levels seen in this place.
 G = Mean time per level.
                   A        B        C        D        E       F      G
               +--------+--------+--------+--------+--------+-----+--------+
         Total |   7206 |   7066 |    140 |   2705 |   3384 |   7 | 1029.4 |
       Dungeon |   7206 |   7066 |    140 |   2705 |   3384 |   7 | 1029.4 |
               +--------+--------+--------+--------+--------+-----+--------+

Top non-repeatable levels by time:
     D:6: 1614 daAuts
     D:1: 1414 daAuts
     D:4: 1217 daAuts
     D:2: 1200 daAuts
     D:5: 970 daAuts
     D:3: 769 daAuts
     D:7: 21 daAuts
